Rangers vs Predators
Created - February 6, 2020 at 20:52
Goals
|
Rangers |
1 |
1 |
0 |
2 |
Predators |
1 |
2 |
2 |
5 |
|
Shots
|
Rangers |
10 |
14 |
11 |
35 |
Predators |
6 |
12 |
7 |
25 |
|
1st period
1. Predators , Alexander Edler 9 (Niclas Bergfors 18, Ryan Kesler 18) at 6:35 (PP)
2. Rangers , James Neal 13 (Mark Fistric 10, Sean Couturier 20) at 19:41
Penalties :
Luke Schenn (NYR) for Hooking (Minor) at 5:07
2nd period
3. Predators , Niclas Bergfors 20 (Ryan Kesler 19, Viktor Fasth) at 0:48 (PP)
4. Predators , Niclas Bergfors 21 (Ryan Kesler 20, Nate Schmidt 7) at 3:06
5. Rangers , Milan Lucic 27 (Patrice Bergeron 24) at 11:03 (PP)
Penalties :
Alexei Emelin (NYR) for Hooking (Minor) at 0:13, Niclas Bergfors (Nas) for Holding (Minor) at 10:05, Brendan Gallagher (Nas) for Hooking (Minor) at 11:01
3rd period
6. Predators , Alexander Ovechkin 19 (Brendan Gallagher 27, Mikael Granlund 32) at 13:28
7. Predators , Niclas Bergfors 22 (Nate Schmidt 8, Ryan Murray 7) at 14:36
Penalties :
Sean Couturier (NYR) for Slashing (Minor) at 1:56, Sean Couturier (NYR) for High sticking (Minor) at 6:21, Ryan Murray (Nas) for Hooking (Minor) at 9:22, John Moore (Nas) for Hooking (Minor) at 18:57
Goalie Stats
Frederik Andersen (NYR), 20 saves from 25 shots - (0.800), L, 20-12-2, 60:00 minutes
Viktor Fasth (Nas), 33 saves from 35 shots - (0.943), W, 18-9-3, 60:00 minutes
Players Stats for Rangers
Player Name G A P +/- PIM S H SB GA TA FO MP PP MP PK MP
------------------------------------------------------------------------------------
Alexei Emelin 0 0 0 0 2 1 0 0 0 0 0/0 11:50 0:00 0:42
Cam Barker 0 0 0 -2 0 0 3 3 0 2 0/0 28:22 3:21 3:07
Chris Bourque 0 0 0 0 0 3 0 0 0 1 0/0 13:26 0:00 0:56
Colten Teubert 0 0 0 0 0 0 0 1 0 0 0/0 11:09 0:00 0:00
Jakob Silfverberg 0 0 0 -1 0 3 3 0 0 1 0/1 19:50 3:20 1:37
James Neal 1 0 1 -1 0 5 1 1 1 0 1/1 19:22 2:36 0:00
Kyle Okposo 0 0 0 -1 0 5 2 0 1 0 0/1 20:59 2:36 1:37
Luke Schenn 0 0 0 -1 2 0 3 0 2 1 0/0 23:26 3:21 2:25
Mark Fistric 0 1 1 0 0 2 1 0 1 0 0/0 20:29 2:35 2:54
Matt Greene 0 0 0 0 0 2 0 1 0 1 0/0 20:29 2:35 2:54
Matt Read 0 0 0 0 0 2 3 0 0 0 0/1 11:56 0:00 0:00
Maxime Sauvé 0 0 0 0 0 0 0 0 0 0 2/2 4:25 0:00 0:00
Milan Lucic 1 0 1 -1 0 3 4 0 1 0 3/3 25:16 3:20 3:28
Patrice Bergeron 0 1 1 -1 0 1 1 0 0 0 15/36 21:41 3:20 3:28
Patrik Nemeth 0 0 0 -1 0 0 0 0 0 0 0/0 4:13 0:00 0:00
Sean Couturier 0 1 1 -1 4 4 1 1 2 0 4/12 19:26 2:36 0:00
Steve Quailer 0 0 0 0 0 1 1 0 0 0 0/0 5:43 0:00 0:56
Tomas Hertl 0 0 0 0 0 3 1 0 0 0 1/3 11:53 0:00 0:00
Players Stats for Predators
Player Name G A P +/- PIM S H SB GA TA FO MP PP MP PK MP
------------------------------------------------------------------------------------
Adam Burish 0 0 0 -1 0 0 1 0 0 1 0/1 15:44 0:00 3:45
Alexander Edler 1 0 1 0 0 2 1 1 0 0 0/0 26:20 3:36 3:49
Alexander Ovechkin 1 0 1 1 0 3 0 0 1 2 0/2 21:39 2:48 1:58
Alexander Steen 0 0 0 -1 0 0 0 1 1 0 0/0 12:11 0:00 0:14
Andy Miele 0 0 0 0 0 0 0 0 0 0 7/10 10:15 0:18 3:44
Brendan Gallagher 0 1 1 1 2 3 1 3 0 0 0/1 21:05 2:30 1:18
Denis Grebeshkov 0 0 0 0 0 1 0 1 0 3 0/0 14:02 0:00 0:00
Dmitri Kalinin 0 0 0 0 0 0 0 0 0 0 0/0 3:56 0:00 0:00
James Van Riemsdyk 0 0 0 2 0 2 2 0 0 0 0/0 16:49 3:13 0:00
John Moore 0 0 0 0 2 1 0 1 0 0 0/0 22:14 2:25 1:53
Justin Abdelkader 0 0 0 0 0 2 0 0 1 0 0/0 6:22 0:00 0:00
Mikael Granlund 0 1 1 1 0 2 5 0 0 0 15/24 20:30 2:48 0:50
Nate Schmidt 0 2 2 2 0 1 1 0 0 0 0/0 13:05 0:00 2:07
Niclas Bergfors 3 1 4 2 2 5 1 0 0 1 0/1 21:14 3:13 0:00
Nik Antropov 0 0 0 -1 0 0 1 1 0 0 2/3 11:21 0:00 0:00
Ryan Kesler 0 3 3 2 0 2 1 0 1 1 10/18 16:49 3:13 0:00
Ryan Mcdonagh 0 0 0 0 0 0 1 1 0 0 0/0 26:33 3:36 3:49
Ryan Murray 0 1 1 2 2 1 0 1 2 0 0/0 13:49 2:25 0:14
3 Stars
1 - Niclas Bergfors (Nas)
2 - Ryan Kesler (Nas)
3 - Nate Schmidt (Nas)
Power Play
Rangers - 1 on 4 Attempt(s) - 25.00%
Predators - 2 on 4 Attempt(s) - 50.00%
Penalty Kill
Rangers - 2 on 4 Attempt(s) - 50.00%
- Score 0 goal in Penalty Kill
Predators - 3 on 4 Attempt(s) - 75.00%
- Score 0 goal in Penalty Kill
Team Stat
Rangers - Hits : 24 - Faceoff Wins : 26 - Blocked Shots : 7 - Penalty Minutes : 8
Predators - Hits : 15 - Faceoff Wins : 34 - Blocked Shots : 10 - Penalty Minutes : 8
Official
Referees : Unknown
Linesman : Unknown
Game Notes
Niclas Bergfors has scored a Hat Trick!
Finance
Level 1 -- Attendance: 4500 (75.00%) -- Ticket Income $495,000
Level 2 -- Attendance: 3886 (77.72%) -- Ticket Income $272,020
Level 3 -- Attendance: 1503 (75.15%) -- Ticket Income $67,635
Level 4 -- Attendance: 2785 (69.63%) -- Ticket Income $97,475
Luxury Box -- Attendance: 767 (76.70%) -- Ticket Income $152,633
Game was played at the Wildcat center.
Total Attendance: 13441 (74.67%)
Total Ticket Income: $1,084,763
Other Income: $162,714
Total Income: $1,247,477
Rangers
5 vs 5 Forward
Center Left Wing Right Wing Time % Phy DF OF
1 Patrice Bergeron Milan Lucic Jakob Silfverberg 40 1 2 2
2 Sean Couturier James Neal Kyle Okposo 30 1 2 2
3 Tomas Hertl Chris Bourque Matt Read 20 1 2 2
4 Maxime Sauvé Milan Lucic Steve Quailer 10 1 2 2
5 vs 5 Defense
Defense Defense Time % Phy DF OF
1 Cam Barker Luke Schenn 40 1 2 2
2 Mark Fistric Matt Greene 30 1 2 2
3 Colten Teubert Alexei Emelin 20 1 2 2
4 Patrik Nemeth Cam Barker 10 1 2 2
PowerPlay Forward
Center Left Wing Right Wing Time % Phy DF OF
1 Patrice Bergeron Milan Lucic Jakob Silfverberg 60 1 2 2
2 Sean Couturier James Neal Kyle Okposo 40 1 2 2
PowerPlay Defense
Defense Defense Time % Phy DF OF
1 Cam Barker Luke Schenn 60 1 2 2
2 Mark Fistric Matt Greene 40 1 2 2
Penalty Kill 4 Players Forward
Center Wing Time % Phy DF OF
1 Milan Lucic Patrice Bergeron 60 1 2 2
2 Jakob Silfverberg Kyle Okposo 40 1 2 2
Penalty Kill 4 Players Defense
Defense Defense Time % Phy DF OF
1 Cam Barker Luke Schenn 60 1 2 2
2 Mark Fistric Matt Greene 40 1 2 2
Penalty Kill - 3 Players Forward
Forward Time % Phy DF OF
1 Milan Lucic 60 1 2 2
2 Patrice Bergeron 40 1 2 2
Penalty Kill - 3 Players Defense
Defense Defense Time % Phy DF OF
1 Cam Barker Luke Schenn 60 1 2 2
2 Mark Fistric Matt Greene 40 1 2 2
4 vs 4 Forward
Center Wing Time % Phy DF OF
1 Milan Lucic Patrice Bergeron 60 1 2 2
2 Jakob Silfverberg Kyle Okposo 40 1 2 2
4 vs 4 Defense
Defense Defense Time % Phy DF OF
1 Cam Barker Luke Schenn 60 1 2 2
2 Mark Fistric Matt Greene 40 1 2 2
Last Minutes Offensive
Center Left Wing Right Wing Defense Defense
Patrice Bergeron Milan Lucic Jakob Silfverberg Cam Barker Luke Schenn
Last Minutes Defensive
Center Left Wing Right Wing Defense Defense
Patrice Bergeron Milan Lucic Jakob Silfverberg Cam Barker Luke Schenn
Goaltenders
Starting : Frederik Andersen
Backup : Mike Condon
Extra Forwards
Normal : Matt Read, Chris Bourque, Steve Quailer - PP : Matt Read, Chris Bourque - PK : Steve Quailer
Extra Defensemen
Normal : Colten Teubert, Alexei Emelin, Patrik Nemeth - PP : Colten Teubert - PK : Alexei Emelin, Patrik Nemeth
Penalty Shots
Milan Lucic, Patrice Bergeron, Jakob Silfverberg, Kyle Okposo, James Neal
Scratches
Magnus Paajarvi-Svensson (Healthy), Devante Smith-Pelly (Healthy)
Predators
5 vs 5 Forward
Center Left Wing Right Wing Time % Phy DF OF
1 Mikael Granlund Alexander Ovechkin Brendan Gallagher 40 1 2 2
2 Ryan Kesler James Van Riemsdyk Niclas Bergfors 30 1 2 2
3 Nik Antropov Alexander Steen Adam Burish 18 1 2 2
4 Andy Miele Justin Abdelkader Niclas Bergfors 12 1 2 2
5 vs 5 Defense
Defense Defense Time % Phy DF OF
1 Ryan Mcdonagh Alexander Edler 40 1 2 2
2 John Moore Denis Grebeshkov 30 1 2 2
3 Nate Schmidt Ryan Murray 20 1 2 2
4 John Moore Dmitri Kalinin 10 1 2 2
PowerPlay Forward
Center Left Wing Right Wing Time % Phy DF OF
1 Mikael Granlund Alexander Ovechkin Brendan Gallagher 60 1 1 3
2 Ryan Kesler James Van Riemsdyk Niclas Bergfors 40 1 1 3
PowerPlay Defense
Defense Defense Time % Phy DF OF
1 Ryan Mcdonagh Alexander Edler 60 1 1 3
2 John Moore Ryan Murray 40 1 1 3
Penalty Kill 4 Players Forward
Center Wing Time % Phy DF OF
1 Andy Miele Adam Burish 60 1 2 2
2 Alexander Ovechkin Brendan Gallagher 40 1 2 2
Penalty Kill 4 Players Defense
Defense Defense Time % Phy DF OF
1 Ryan Mcdonagh Alexander Edler 60 1 2 2
2 John Moore Nate Schmidt 40 1 2 2
Penalty Kill - 3 Players Forward
Forward Time % Phy DF OF
1 Adam Burish 60 1 3 1
2 Brendan Gallagher 40 1 3 1
Penalty Kill - 3 Players Defense
Defense Defense Time % Phy DF OF
1 Ryan Mcdonagh Alexander Edler 60 1 3 1
2 John Moore Nate Schmidt 40 1 3 1
4 vs 4 Forward
Center Wing Time % Phy DF OF
1 Mikael Granlund Alexander Ovechkin 60 1 2 2
2 Ryan Kesler Niclas Bergfors 40 1 2 2
4 vs 4 Defense
Defense Defense Time % Phy DF OF
1 Ryan Mcdonagh Alexander Edler 60 1 2 2
2 John Moore Denis Grebeshkov 40 1 2 2
Last Minutes Offensive
Center Left Wing Right Wing Defense Defense
Ryan Kesler Alexander Ovechkin Niclas Bergfors Ryan Mcdonagh Alexander Edler
Last Minutes Defensive
Center Left Wing Right Wing Defense Defense
Mikael Granlund Alexander Ovechkin Brendan Gallagher Ryan Mcdonagh Alexander Edler
Goaltenders
Starting : Viktor Fasth
Backup : Anders Lindback
Extra Forwards
Normal : Justin Abdelkader, Andy Miele, Alexander Steen - PP : James Van Riemsdyk, Andy Miele - PK : Brendan Gallagher
Extra Defensemen
Normal : Ryan Mcdonagh, Ryan Murray, Nate Schmidt - PP : Denis Grebeshkov - PK : Ryan Murray, Nate Schmidt
Penalty Shots
Alexander Ovechkin, Niclas Bergfors, Andy Miele, Mikael Granlund, James Van Riemsdyk
Scratches
Byron Bitz (Suspend)
% Time on Ice - Rangers
Lines # - Real PCT - Wanted PCT - Time Play
Normal Forward
1 - 31% - 40% - 14:59
2 - 35% - 30% - 16:46
3 - 25% - 20% - 11:53
4 - 9% - 10% - 4:25
Normal Defense
1 - 37% - 40% - 17:41
2 - 31% - 30% - 15:00
3 - 23% - 20% - 11:09
4 - 9% - 10% - 4:13
PP Forward
1 - 56% - 60% - 3:20
2 - 44% - 40% - 2:36
PP Defense
1 - 56% - 60% - 3:21
2 - 44% - 40% - 2:35
PK Forward
1 - 73% - 60% - 4:24
2 - 27% - 40% - 1:37
PK Defense
1 - 52% - 60% - 3:07
2 - 48% - 40% - 2:54
PK3 Forward
1 - 0% - 60%
2 - 0% - 40%
PK3 Defense
1 - 0% - 60%
2 - 0% - 40%
44 Forward
1 - 0% - 60%
2 - 0% - 40%
44 Defense
1 - 0% - 60%
2 - 0% - 40%
Last Minute Offensive - 0:00
Last Minute Defensive - 0:00
Total
Forward - 60:00
Defense - 60:00
|
% Time on Ice - Predators
Lines # - Real PCT - Wanted PCT - Time Play
Normal Forward
1 - 36% - 40% - 17:10
2 - 28% - 30% - 13:36
3 - 24% - 18% - 11:21
4 - 12% - 12% - 5:56
Normal Defense
1 - 39% - 40% - 18:55
2 - 31% - 30% - 15:04
3 - 21% - 20% - 10:08
4 - 8% - 10% - 3:56
PP Forward
1 - 47% - 60% - 2:48
2 - 53% - 40% - 3:13
PP Defense
1 - 60% - 60% - 3:36
2 - 40% - 40% - 2:25
PK Forward
1 - 79% - 60% - 4:41
2 - 21% - 40% - 1:13
PK Defense
1 - 64% - 60% - 3:47
2 - 36% - 40% - 2:07
PK3 Forward
1 - 100% - 60% - 0:02
2 - 0% - 40% - 0:00
PK3 Defense
1 - 100% - 60% - 0:02
2 - 0% - 40% - 0:00
44 Forward
1 - 0% - 60%
2 - 0% - 40%
44 Defense
1 - 0% - 60%
2 - 0% - 40%
Last Minute Offensive - 0:00
Last Minute Defensive - 0:00
Total
Forward - 60:00
Defense - 60:00
|
Play-by-Play
1st period
0:01 of 1st period - Patrice Bergeron wins face-off versus Mikael Granlund in neutral zone.
0:14 of 1st period - Snap shot by Jakob Silfverberg.
0:14 of 1st period - Stopped by Viktor Fasth without a rebound.
0:15 of 1st period - Ryan Kesler wins face-off versus Sean Couturier in Predators zone.
1:06 of 1st period - John Moore is hit by Milan Lucic and loses puck.
3:15 of 1st period - Off-side.
3:16 of 1st period - Andy Miele wins face-off versus Sean Couturier in neutral zone.
3:29 of 1st period - Snap shot by James Neal.
3:29 of 1st period - Shot Blocked by John Moore.
4:45 of 1st period - Snap shot by Sean Couturier.
4:45 of 1st period - Stopped by Viktor Fasth without a rebound.
4:46 of 1st period - Mikael Granlund wins face-off versus Sean Couturier in Predators zone.
4:46 of 1st period - Mikael Granlund is hit by Kyle Okposo.
5:02 of 1st period - Snap shot by Brendan Gallagher.
5:02 of 1st period - Stopped by Frederik Andersen without a rebound.
5:03 of 1st period - Ryan Kesler wins face-off versus Patrice Bergeron in Rangers zone.
5:07 of 1st period - Minor Penalty to Luke Schenn for Hooking.
5:08 of 1st period - Milan Lucic wins face-off versus Mikael Granlund in Rangers zone.
5:38 of 1st period - Off-side.
5:39 of 1st period - Ryan Kesler wins face-off versus Kyle Okposo in neutral zone.
6:19 of 1st period - Snap shot by Niclas Bergfors.
6:19 of 1st period - Shot Hit the Post.
6:31 of 1st period - Snap shot by Niclas Bergfors.
6:31 of 1st period - Shot Misses the Net.
6:33 of 1st period - Backhand shot by Niclas Bergfors.
6:33 of 1st period - Shot Misses the Net.
6:35 of 1st period - Slapshot by Alexander Edler.
6:35 of 1st period - Goal by Alexander Edler - Rangers : 0 - Predators : 1.
6:36 of 1st period - Mikael Granlund wins face-off versus Patrice Bergeron in neutral zone.
6:43 of 1st period - Slapshot by Brendan Gallagher.
6:43 of 1st period - Shot Misses the Net.
7:33 of 1st period - Slapshot by Tomas Hertl.
7:33 of 1st period - Stopped by Viktor Fasth without a rebound.
7:34 of 1st period - Mikael Granlund wins face-off versus Tomas Hertl in Predators zone.
8:30 of 1st period - Slapshot by James Neal.
8:30 of 1st period - Shot Misses the Net.
8:46 of 1st period - Slapshot by Colten Teubert.
8:46 of 1st period - Shot Blocked by Brendan Gallagher.
8:48 of 1st period - Slapshot by Steve Quailer.
8:48 of 1st period - Stopped by Viktor Fasth with a rebound.
9:12 of 1st period - Off-side.
9:13 of 1st period - Patrice Bergeron wins face-off versus Ryan Kesler in neutral zone.
9:40 of 1st period - Ryan Mcdonagh is hit by Luke Schenn and loses puck.
11:17 of 1st period - Snap shot by Chris Bourque.
11:17 of 1st period - Shot Misses the Net.
11:31 of 1st period - Milan Lucic is hit by Alexander Edler and loses puck.
11:59 of 1st period - Wrist shot by Justin Abdelkader.
11:59 of 1st period - Stopped by Frederik Andersen with a rebound.
12:01 of 1st period - Wrist shot by Denis Grebeshkov.
12:01 of 1st period - Stopped by Frederik Andersen with a rebound.
12:03 of 1st period - Slapshot by John Moore.
12:03 of 1st period - Stopped by Frederik Andersen with a rebound.
13:32 of 1st period - Icing by Luke Schenn.
13:33 of 1st period - Sean Couturier wins face-off versus Andy Miele in Rangers zone.
13:38 of 1st period - Justin Abdelkader is hit by Luke Schenn and loses puck.
13:47 of 1st period - Snap shot by James Neal.
13:47 of 1st period - Stopped by Viktor Fasth without a rebound.
13:48 of 1st period - Mikael Granlund wins face-off versus Patrice Bergeron in Predators zone.
14:03 of 1st period - Wrist shot by Jakob Silfverberg.
14:03 of 1st period - Deflect By Patrice Bergeron.
14:03 of 1st period - Shot Blocked by Brendan Gallagher.
14:03 of 1st period - Puck is out of play.
14:04 of 1st period - James Neal wins face-off versus Ryan Kesler in Predators zone.
14:05 of 1st period - Wrist shot by Kyle Okposo.
14:05 of 1st period - Stopped by Viktor Fasth with a rebound.
14:54 of 1st period - Mark Fistric is hit by Mikael Granlund.
14:58 of 1st period - Snap shot by Patrice Bergeron.
14:58 of 1st period - Deflect By Milan Lucic.
14:58 of 1st period - Shot Misses the Net.
14:58 of 1st period - Puck is out of play.
14:59 of 1st period - Ryan Kesler wins face-off versus Patrice Bergeron in Predators zone.
15:16 of 1st period - Snap shot by Jakob Silfverberg.
15:16 of 1st period - Shot Blocked by Ryan Mcdonagh.
15:18 of 1st period - Wrist shot by Milan Lucic.
15:18 of 1st period - Deflect By Patrice Bergeron.
15:18 of 1st period - Shot Misses the Net.
15:18 of 1st period - Puck is out of play.
15:19 of 1st period - Mikael Granlund wins face-off versus Tomas Hertl in Predators zone.
15:46 of 1st period - Cam Barker is hit by Niclas Bergfors and loses puck.
15:51 of 1st period - Snap shot by Niclas Bergfors.
15:51 of 1st period - Shot Misses the Net.
16:29 of 1st period - Snap shot by Mikael Granlund.
16:29 of 1st period - Shot Misses the Net.
16:31 of 1st period - Slapshot by Brendan Gallagher.
16:31 of 1st period - Stopped by Frederik Andersen with a rebound.
17:58 of 1st period - Icing by Matt Greene.
17:59 of 1st period - Maxime Sauvé wins face-off versus Nik Antropov in Rangers zone.
19:21 of 1st period - Snap shot by James Neal.
19:21 of 1st period - Stopped by Viktor Fasth with a rebound.
19:23 of 1st period - Snap shot by Sean Couturier.
19:23 of 1st period - Stopped by Viktor Fasth with a rebound.
19:35 of 1st period - Wrist shot by Sean Couturier.
19:35 of 1st period - Shot Misses the Net.
19:37 of 1st period - Slapshot by Mark Fistric.
19:37 of 1st period - Deflect By Denis Grebeshkov.
19:37 of 1st period - Stopped by Viktor Fasth with a rebound.
19:39 of 1st period - Wrist shot by Sean Couturier.
19:39 of 1st period - Shot Misses the Net.
19:41 of 1st period - Slapshot by Mark Fistric.
19:41 of 1st period - Deflect By James Neal.
19:41 of 1st period - Goal by James Neal - Rangers : 1 - Predators : 1.
19:42 of 1st period - Mikael Granlund wins face-off versus Patrice Bergeron in neutral zone.
Goals for this period are 1 for Rangers vs 1 for Predators.
Shots for this period are 10 for Rangers vs 6 for Predators.
2nd period
0:01 of 2nd period - Patrice Bergeron wins face-off versus Mikael Granlund in neutral zone.
0:13 of 2nd period - Minor Penalty to Alexei Emelin for Hooking.
0:14 of 2nd period - Mikael Granlund wins face-off versus Patrice Bergeron in Rangers zone.
0:48 of 2nd period - Slapshot by Niclas Bergfors.
0:48 of 2nd period - Goal by Niclas Bergfors - Rangers : 1 - Predators : 2.
0:49 of 2nd period - Patrice Bergeron wins face-off versus Ryan Kesler in neutral zone.
0:56 of 2nd period - Backhand shot by Milan Lucic.
0:56 of 2nd period - Stopped by Viktor Fasth with a rebound.
0:59 of 2nd period - Icing by James Van Riemsdyk.
1:00 of 2nd period - Patrice Bergeron wins face-off versus Ryan Kesler in Predators zone.
1:29 of 2nd period - Snap shot by Alexander Ovechkin.
1:29 of 2nd period - Shot Misses the Net.
1:48 of 2nd period - Snap shot by Adam Burish.
1:48 of 2nd period - Shot Misses the Net.
1:50 of 2nd period - Slapshot by Ryan Mcdonagh.
1:50 of 2nd period - Shot Blocked by Colten Teubert.
2:33 of 2nd period - Snap shot by Mikael Granlund.
2:33 of 2nd period - Deflect By Alexander Ovechkin.
2:33 of 2nd period - Stopped by Frederik Andersen without a rebound.
2:34 of 2nd period - Patrice Bergeron wins face-off versus Mikael Granlund in Rangers zone.
2:34 of 2nd period - Patrice Bergeron is hit by Nate Schmidt.
3:00 of 2nd period - Kyle Okposo is hit by James Van Riemsdyk.
3:06 of 2nd period - Wrist shot by Niclas Bergfors.
3:06 of 2nd period - Goal by Niclas Bergfors - Rangers : 1 - Predators : 3.
3:07 of 2nd period - Mikael Granlund wins face-off versus Patrice Bergeron in neutral zone.
3:14 of 2nd period - Luke Schenn is hit by Mikael Granlund and loses puck.
3:21 of 2nd period - Snap shot by Jakob Silfverberg.
3:21 of 2nd period - Stopped by Viktor Fasth without a rebound.
3:22 of 2nd period - Ryan Kesler wins face-off versus Patrice Bergeron in Predators zone.
3:22 of 2nd period - Ryan Kesler is hit by Jakob Silfverberg.
3:28 of 2nd period - Snap shot by Niclas Bergfors.
3:28 of 2nd period - Stopped by Frederik Andersen with a rebound.
3:50 of 2nd period - Brendan Gallagher is hit by Luke Schenn.
4:10 of 2nd period - Slapshot by James Neal.
4:10 of 2nd period - Shot Misses the Net.
4:12 of 2nd period - Wrist shot by Sean Couturier.
4:12 of 2nd period - Stopped by Viktor Fasth with a rebound.
4:14 of 2nd period - Snap shot by Kyle Okposo.
4:14 of 2nd period - Stopped by Viktor Fasth without a rebound.
4:15 of 2nd period - Ryan Kesler wins face-off versus Sean Couturier in Predators zone.
4:22 of 2nd period - Wrist shot by Ryan Kesler.
4:22 of 2nd period - Stopped by Frederik Andersen without a rebound.
4:23 of 2nd period - Patrice Bergeron wins face-off versus Ryan Kesler in Rangers zone.
4:58 of 2nd period - Wrist shot by Brendan Gallagher.
4:58 of 2nd period - Stopped by Frederik Andersen without a rebound.
4:59 of 2nd period - Patrice Bergeron wins face-off versus Brendan Gallagher in Rangers zone.
5:33 of 2nd period - Wrist shot by Justin Abdelkader.
5:33 of 2nd period - Shot Misses the Net.
6:12 of 2nd period - Snap shot by Mikael Granlund.
6:12 of 2nd period - Stopped by Frederik Andersen with a rebound.
6:14 of 2nd period - Slapshot by Nate Schmidt.
6:14 of 2nd period - Shot Blocked by Matt Greene.
7:02 of 2nd period - Brendan Gallagher is hit by Cam Barker and loses puck.
7:28 of 2nd period - Snap shot by Milan Lucic.
7:28 of 2nd period - Shot Blocked by Ryan Murray.
7:55 of 2nd period - Off-side.
7:56 of 2nd period - Sean Couturier wins face-off versus Ryan Kesler in neutral zone.
8:26 of 2nd period - Slapshot by Niclas Bergfors.
8:26 of 2nd period - Shot Misses the Net.
8:28 of 2nd period - Slapshot by Ryan Kesler.
8:28 of 2nd period - Stopped by Frederik Andersen without a rebound.
8:29 of 2nd period - Mikael Granlund wins face-off versus Jakob Silfverberg in Rangers zone.
8:56 of 2nd period - John Moore is hit by Matt Read and loses puck.
9:01 of 2nd period - Snap shot by Chris Bourque.
9:01 of 2nd period - Stopped by Viktor Fasth with a rebound.
9:03 of 2nd period - Slapshot by Matt Read.
9:03 of 2nd period - Stopped by Viktor Fasth with a rebound.
9:05 of 2nd period - Wrist shot by Matt Read.
9:05 of 2nd period - Shot Misses the Net.
10:05 of 2nd period - Minor Penalty to Niclas Bergfors for Holding.
10:06 of 2nd period - Patrice Bergeron wins face-off versus Andy Miele in Predators zone.
11:01 of 2nd period - Minor Penalty to Brendan Gallagher for Hooking.
11:02 of 2nd period - Patrice Bergeron wins face-off versus Adam Burish in Predators zone.
11:03 of 2nd period - Wrist shot by Milan Lucic.
11:03 of 2nd period - Goal by Milan Lucic - Rangers : 2 - Predators : 3.
11:04 of 2nd period - Andy Miele wins face-off versus Patrice Bergeron in neutral zone.
13:01 of 2nd period - Penalty to Brendan Gallagher is over, Brendan Gallagher is back on ice.
13:17 of 2nd period - Wrist shot by Tomas Hertl.
13:17 of 2nd period - Stopped by Viktor Fasth without a rebound.
13:18 of 2nd period - Tomas Hertl wins face-off versus Ryan Kesler in Predators zone.
13:19 of 2nd period - Snap shot by Chris Bourque.
13:19 of 2nd period - Shot Misses the Net.
13:21 of 2nd period - Slapshot by Colten Teubert.
13:21 of 2nd period - Shot Misses the Net.
13:23 of 2nd period - Snap shot by Tomas Hertl.
13:23 of 2nd period - Shot Misses the Net.
13:25 of 2nd period - Wrist shot by Matt Read.
13:25 of 2nd period - Stopped by Viktor Fasth with a rebound.
13:27 of 2nd period - Slapshot by Alexei Emelin.
13:27 of 2nd period - Stopped by Viktor Fasth without a rebound.
13:28 of 2nd period - Ryan Kesler wins face-off versus Patrice Bergeron in Predators zone.
13:39 of 2nd period - Niclas Bergfors is hit by Jakob Silfverberg and loses puck.
13:56 of 2nd period - Wrist shot by James Neal.
13:56 of 2nd period - Deflect By Kyle Okposo.
13:56 of 2nd period - Stopped by Viktor Fasth without a rebound.
13:57 of 2nd period - Mikael Granlund wins face-off versus Sean Couturier in Predators zone.
13:57 of 2nd period - Mikael Granlund is hit by Sean Couturier.
14:09 of 2nd period - Kyle Okposo is hit by Ryan Mcdonagh.
14:27 of 2nd period - Cam Barker is hit by Mikael Granlund and loses puck.
14:32 of 2nd period - Wrist shot by Mikael Granlund.
14:32 of 2nd period - Shot Blocked by Cam Barker.
14:34 of 2nd period - Slapshot by Nate Schmidt.
14:34 of 2nd period - Stopped by Frederik Andersen with a rebound.
14:36 of 2nd period - Backhand shot by Brendan Gallagher.
14:36 of 2nd period - Shot Hit the Post.
15:24 of 2nd period - Wrist shot by Kyle Okposo.
15:24 of 2nd period - Stopped by Viktor Fasth without a rebound.
15:25 of 2nd period - Ryan Kesler wins face-off versus Patrice Bergeron in Predators zone.
15:43 of 2nd period - Icing by Mark Fistric.
15:44 of 2nd period - Nik Antropov wins face-off versus Patrice Bergeron in Rangers zone.
16:11 of 2nd period - Wrist shot by Chris Bourque.
16:11 of 2nd period - Stopped by Viktor Fasth with a rebound.
17:34 of 2nd period - Jakob Silfverberg is hit by James Van Riemsdyk and loses puck.
18:14 of 2nd period - Icing by Justin Abdelkader.
18:15 of 2nd period - Maxime Sauvé wins face-off versus Andy Miele in Predators zone.
18:18 of 2nd period - Snap shot by Chris Bourque.
18:18 of 2nd period - Shot Misses the Net.
18:24 of 2nd period - Slapshot by Alexander Edler.
18:24 of 2nd period - Deflect By Cam Barker.
18:24 of 2nd period - Stopped by Frederik Andersen with a rebound.
18:26 of 2nd period - Wrist shot by Alexander Edler.
18:26 of 2nd period - Deflect By Justin Abdelkader.
18:26 of 2nd period - Stopped by Frederik Andersen without a rebound.
18:27 of 2nd period - Mikael Granlund wins face-off versus Patrice Bergeron in Rangers zone.
18:34 of 2nd period - Slapshot by Mikael Granlund.
18:34 of 2nd period - Stopped by Frederik Andersen without a rebound.
18:35 of 2nd period - Patrice Bergeron wins face-off versus Mikael Granlund in Rangers zone.
18:42 of 2nd period - Jakob Silfverberg is hit by Brendan Gallagher and loses puck.
18:55 of 2nd period - Wrist shot by Milan Lucic.
18:55 of 2nd period - Shot Blocked by Denis Grebeshkov.
18:57 of 2nd period - Wrist shot by Patrice Bergeron.
18:57 of 2nd period - Stopped by Viktor Fasth without a rebound.
18:58 of 2nd period - Ryan Kesler wins face-off versus Sean Couturier in Predators zone.
18:58 of 2nd period - Niclas Bergfors is hit by James Neal and loses puck.
19:24 of 2nd period - Mikael Granlund is hit by Patrice Bergeron and loses puck.
19:57 of 2nd period - Ryan Murray is hit by Tomas Hertl and loses puck.
Goals for this period are 1 for Rangers vs 2 for Predators.
Shots for this period are 14 for Rangers vs 12 for Predators.
3rd period
0:01 of 3rd period - Patrice Bergeron wins face-off versus Mikael Granlund in neutral zone.
0:33 of 3rd period - Snap shot by James Van Riemsdyk.
0:33 of 3rd period - Shot Hit the Post.
0:35 of 3rd period - Slapshot by Alexander Edler.
0:35 of 3rd period - Shot Blocked by James Neal.
0:39 of 3rd period - Snap shot by James Van Riemsdyk.
0:39 of 3rd period - Shot Blocked by Sean Couturier.
0:51 of 3rd period - Nik Antropov is hit by Matt Read.
0:55 of 3rd period - Slapshot by Chris Bourque.
0:55 of 3rd period - Shot Blocked by Nik Antropov.
0:57 of 3rd period - Slapshot by Matt Greene.
0:57 of 3rd period - Shot Blocked by Alexander Steen.
0:59 of 3rd period - Slapshot by Matt Greene.
0:59 of 3rd period - Stopped by Viktor Fasth without a rebound.
1:00 of 3rd period - Mikael Granlund wins face-off versus Patrice Bergeron in Predators zone.
1:05 of 3rd period - John Moore is hit by Mark Fistric.
1:11 of 3rd period - Wrist shot by Milan Lucic.
1:11 of 3rd period - Deflect By Jakob Silfverberg.
1:11 of 3rd period - Shot Misses the Net.
1:11 of 3rd period - Puck is out of play.
1:12 of 3rd period - Mikael Granlund wins face-off versus Patrice Bergeron in Predators zone.
1:17 of 3rd period - Patrice Bergeron is hit by Mikael Granlund and loses puck.
1:50 of 3rd period - Backhand shot by Niclas Bergfors.
1:50 of 3rd period - Stopped by Frederik Andersen with a rebound.
1:56 of 3rd period - Minor Penalty to Sean Couturier for Slashing.
1:57 of 3rd period - Milan Lucic wins face-off versus Mikael Granlund in Rangers zone.
1:57 of 3rd period - Milan Lucic is hit by Mikael Granlund.
3:56 of 3rd period - Penalty to Sean Couturier is over, Sean Couturier is back on ice.
4:13 of 3rd period - Colten Teubert is hit by Nik Antropov and loses puck.
5:06 of 3rd period - Niclas Bergfors is hit by Cam Barker and loses puck.
5:54 of 3rd period - Mikael Granlund is hit by Milan Lucic and loses puck.
6:09 of 3rd period - Wrist shot by James Neal.
6:09 of 3rd period - Stopped by Viktor Fasth with a rebound.
6:21 of 3rd period - Minor Penalty to Sean Couturier for High sticking.
6:22 of 3rd period - Milan Lucic wins face-off versus Mikael Granlund in Rangers zone.
6:45 of 3rd period - Snap shot by Niclas Bergfors.
6:45 of 3rd period - Deflect By James Van Riemsdyk.
6:45 of 3rd period - Stopped by Frederik Andersen with a rebound.
7:05 of 3rd period - John Moore is hit by Cam Barker and loses puck.
7:46 of 3rd period - Ryan Kesler is hit by Steve Quailer and loses puck.
8:21 of 3rd period - Penalty to Sean Couturier is over, Sean Couturier is back on ice.
8:45 of 3rd period - Matt Read is hit by Adam Burish and loses puck.
9:20 of 3rd period - Slapshot by Chris Bourque.
9:20 of 3rd period - Shot Misses the Net.
9:22 of 3rd period - Minor Penalty to Ryan Murray for Hooking.
9:23 of 3rd period - Andy Miele wins face-off versus Patrice Bergeron in Predators zone.
9:34 of 3rd period - Ryan Mcdonagh is hit by Jakob Silfverberg and loses puck.
9:51 of 3rd period - Snap shot by James Neal.
9:51 of 3rd period - Shot Misses the Net.
9:53 of 3rd period - Snap shot by Matt Greene.
9:53 of 3rd period - Shot Blocked by Alexander Edler.
9:55 of 3rd period - Slapshot by Mark Fistric.
9:55 of 3rd period - Stopped by Viktor Fasth with a rebound.
9:57 of 3rd period - Snap shot by James Neal.
9:57 of 3rd period - Stopped by Viktor Fasth without a rebound.
9:58 of 3rd period - Andy Miele wins face-off versus Patrice Bergeron in Predators zone.
10:23 of 3rd period - Wrist shot by Jakob Silfverberg.
10:23 of 3rd period - Shot Misses the Net.
10:39 of 3rd period - Icing by Kyle Okposo.
10:40 of 3rd period - Andy Miele wins face-off versus Sean Couturier in Rangers zone.
11:22 of 3rd period - Penalty to Ryan Murray is over, Ryan Murray is back on ice.
11:39 of 3rd period - Snap shot by Chris Bourque.
11:39 of 3rd period - Stopped by Viktor Fasth without a rebound.
11:40 of 3rd period - Patrice Bergeron wins face-off versus Mikael Granlund in Predators zone.
11:43 of 3rd period - Wrist shot by Milan Lucic.
11:43 of 3rd period - Shot Misses the Net.
11:45 of 3rd period - Snap shot by Jakob Silfverberg.
11:45 of 3rd period - Stopped by Viktor Fasth with a rebound.
12:29 of 3rd period - Wrist shot by Alexander Steen.
12:29 of 3rd period - Shot Misses the Net.
12:47 of 3rd period - Alexander Edler is hit by Milan Lucic and loses puck.
12:54 of 3rd period - Snap shot by Milan Lucic.
12:54 of 3rd period - Stopped by Viktor Fasth without a rebound.
12:55 of 3rd period - Ryan Kesler wins face-off versus Patrice Bergeron in Predators zone.
13:08 of 3rd period - Wrist shot by James Van Riemsdyk.
13:08 of 3rd period - Stopped by Frederik Andersen with a rebound.
13:10 of 3rd period - Wrist shot by Ryan Murray.
13:10 of 3rd period - Stopped by Frederik Andersen without a rebound.
13:11 of 3rd period - Mikael Granlund wins face-off versus Sean Couturier in Rangers zone.
13:12 of 3rd period - Snap shot by Alexander Ovechkin.
13:12 of 3rd period - Stopped by Frederik Andersen with a rebound.
13:16 of 3rd period - Snap shot by Mikael Granlund.
13:16 of 3rd period - Shot Misses the Net.
13:24 of 3rd period - Snap shot by Mikael Granlund.
13:24 of 3rd period - Shot Blocked by Cam Barker.
13:26 of 3rd period - Slapshot by Brendan Gallagher.
13:26 of 3rd period - Shot Misses the Net.
13:28 of 3rd period - Snap shot by Alexander Ovechkin.
13:28 of 3rd period - Goal by Alexander Ovechkin - Rangers : 2 - Predators : 4.
13:29 of 3rd period - Mikael Granlund wins face-off versus Patrice Bergeron in neutral zone.
13:52 of 3rd period - Icing by Cam Barker.
13:53 of 3rd period - Sean Couturier wins face-off versus Niclas Bergfors in Rangers zone.
13:58 of 3rd period - Slapshot by Kyle Okposo.
13:58 of 3rd period - Stopped by Viktor Fasth with a rebound.
14:12 of 3rd period - James Van Riemsdyk is hit by Kyle Okposo and loses puck.
14:16 of 3rd period - Icing by James Van Riemsdyk.
14:17 of 3rd period - Patrice Bergeron wins face-off versus Ryan Kesler in Predators zone.
14:36 of 3rd period - Slapshot by Niclas Bergfors.
14:36 of 3rd period - Goal by Niclas Bergfors - Rangers : 2 - Predators : 5.
14:37 of 3rd period - Patrice Bergeron wins face-off versus Alexander Ovechkin in neutral zone.
14:50 of 3rd period - Wrist shot by Milan Lucic.
14:50 of 3rd period - Shot Misses the Net.
15:11 of 3rd period - Snap shot by Mikael Granlund.
15:11 of 3rd period - Shot Blocked by Cam Barker.
15:31 of 3rd period - Sean Couturier is hit by Ryan Kesler.
17:17 of 3rd period - Snap shot by Tomas Hertl.
17:17 of 3rd period - Stopped by Viktor Fasth without a rebound.
17:18 of 3rd period - Nik Antropov wins face-off versus Matt Read in Predators zone.
17:18 of 3rd period - Nik Antropov is hit by Matt Read.
17:26 of 3rd period - Snap shot by Alexander Steen.
17:26 of 3rd period - Shot Misses the Net.
17:28 of 3rd period - Slapshot by Adam Burish.
17:28 of 3rd period - Shot Misses the Net.
18:57 of 3rd period - Minor Penalty to John Moore for Hooking.
18:58 of 3rd period - Andy Miele wins face-off versus Patrice Bergeron in Predators zone.
18:58 of 3rd period - Andy Miele is hit by Milan Lucic.
19:30 of 3rd period - Slapshot by Luke Schenn.
19:30 of 3rd period - Shot Blocked by Brendan Gallagher.
19:32 of 3rd period - Snap shot by Sean Couturier.
19:32 of 3rd period - Deflect By Alexander Ovechkin.
19:32 of 3rd period - Stopped by Viktor Fasth with a rebound.
19:34 of 3rd period - Wrist shot by James Neal.
19:34 of 3rd period - Deflect By Sean Couturier.
19:34 of 3rd period - Shot Misses the Net.
19:34 of 3rd period - Puck is out of play.
19:35 of 3rd period - Sean Couturier wins face-off versus Alexander Ovechkin in Predators zone.
19:36 of 3rd period - Wrist shot by Kyle Okposo.
19:36 of 3rd period - Shot Misses the Net.
19:38 of 3rd period - Slapshot by Matt Greene.
19:38 of 3rd period - Stopped by Viktor Fasth without a rebound.
19:39 of 3rd period - Andy Miele wins face-off versus Patrice Bergeron in Predators zone.
Goals for this period are 0 for Rangers vs 2 for Predators.
Shots for this period are 11 for Rangers vs 7 for Predators.
Back to the Top